 Dungeon Crawl Stone Soup version 0.23.2-33-g5129a83184 (webtiles) character file.

Game seed: 7844075177667315398

175 troglodite the Conjurer (level 5, 0/49 HPs)
             Began as an Octopode Conjurer on June 27, 2019.
             Succumbed to an adder's poison
             ... on level 2 of the Dungeon.
             The game lasted 00:10:10 (2445 turns).

troglodite the Conjurer (Octopode Conjurer)         Turns: 2445, Time: 00:10:11

Health: 0/49       AC: 22    Str:  8    XL:     5   Next: 55%
Magic:  0/9        EV:  2    Int: 18    God:
Gold:   88         SH:  0    Dex: 17    Spells: 2/9 levels left

rFire    . . .     SeeInvis .   a - +2 dagger (venom)
rCold    . . .     Gourm    .   (no shield)
rNeg     + + +     Faith    .   (helmet currently unavailable)
rPois    +         Spirit   .   (no amulet)
rElec    .         Reflect  .   h - ring of teleportation (curse)
rCorr    .         Harm     .   (no ring)
MR       .....     NoTele   +   (no ring)
Stlth    ++++......             (no ring)
HPRegen  0.16/turn              (no ring)
MPRegen  0.11/turn              (no ring)
                                (no ring)
                                (no ring)

@: agile, lethally poisoned (0 -> -6), tree-form
A: almost no armour, stealthy swim, (amphibious), 8 rings, (constrict 8)
a: no special abilities


You were on level 2 of the Dungeon.
You were not hungry.
You were a tree.
You visited 1 branch of the dungeon, and saw 2 of its levels.

You collected 88 gold pieces.

Inventory:

Hand Weapons
 a - a +2 dagger of venom (weapon)
Jewellery
 h - a cursed ring of teleportation (left branch)
Wands
 m - a wand of digging (4)
Scrolls
 c - a scroll of blinking {unknown}
 d - 2 scrolls of teleportation {unknown}
 g - a scroll of fear {unknown}
 i - a scroll of enchant armour {unknown}
 j - a scroll of remove curse {unknown}
 o - a scroll of noise {unknown}
Potions
 e - 2 potions of agility
 f - a potion of degeneration {unknown}
 k - a potion of mutation {unknown}
 l - a potion of lignification
 n - a potion of haste {unknown}
 p - a potion of brilliance {unknown}
Comestibles
 b - a ration


   Skills:
 * Level 1.0 Fighting
 + Level 0.1 Short Blades
 + Level 2.1 Dodging
 * Level 4.3 Stealth
 * Level 2.7 Spellcasting
 * Level 5.4 Conjurations
 * Level 0.2 Translocations


You had 2 spell levels left.
You knew the following spells:

 Your Spells              Type           Power        Failure   Level  Hunger
a - Magic Dart            Conj           ###.         1%          1    #......
b - Searing Ray           Conj           ###...       2%          2    ##.....
c - Force Lance           Conj/Tloc      ##......     45%         4    #####..

Your spell library contained the following spells:

 Spells                   Type           Power        Failure   Level  Hunger
 Dazzling Spray           Conj/Hex       ##....       16%         3    ###....
 Iskenderun's Mystic Bla  Conj           ###.....     17%         4    #####..
 Fulminant Prism          Conj/Hex       ##........   47%         4    #####..


Dungeon Overview and Level Annotations

Branches:
Dungeon (2/15)

Altars:
Gozag

Annotations:
D:2 Jessica


Innate Abilities, Weirdness & Mutations

You cannot wear most types of armour.
You are very stealthy in the water. (Stealth+)
((You are amphibious.))
You can wear up to eight rings at the same time.
((You can use your tentacles to constrict eight enemies at once.))
((Your skin changes colour to match your surroundings (Stealth+).))
((Your rubbery body absorbs attacks. (AC +1, EV +1)))


Message History

Aim: Jessica, wielding a +0 dagger and wearing a +0 robe (lightly wounded)
The searing ray misses Jessica. (Press . to maintain the ray.)
* * * LOW HITPOINT WARNING * * *
You feel sick. The adder closely misses you.
Jessica drinks a potion.
Jessica flickers and vanishes!
Deactivating autopickup; reactivate with Ctrl-A.
The rat bites you.
* * * LOW HITPOINT WARNING * * *
It was a potion of agility.
You feel agile all of a sudden.
* * * LOW HITPOINT WARNING * * *
You feel sick. The adder misses you. The giant cockroach misses you.
Something hits you.
* * * LOW HITPOINT WARNING * * *
The rat bites you.
* * * LOW HITPOINT WARNING * * *
It was a potion of lignification.
You turn into a tree.
Your roots penetrate the ground.
You die...

###..#. ...... .......
#..#. ......
.......######...
......##................
%..............######.#.
#..........# #####.#.
#..........# #..#..#.
#....sr....# #.##.#.
#.....♣{...# ##..#...
#.....S.#### #[<.....
######.## #.....#. #..
#....... #.. #.......
.... #....... ####
########


You could see an adder, a giant cockroach and a rat.

Vanquished Creatures
  Natasha (thrice) (D:2)
  4 adders (D:2)
  An ooze (D:1)
  A worm (D:2)
  A dart slug (D:2)
  2 leopard geckos
  5 giant cockroaches (D:1)
  9 goblins
  4 hobgoblins (D:1)
  3 jackals (D:1)
  6 kobolds
  A ball python (D:2)
  5 bats
  5 frilled lizards
  8 rats
58 creatures vanquished.

Notes
Turn   | Place    | Note
-------+----------+-------------------------------------------
     0 | D:1      | troglodite the Octopode Conjurer began the quest for the
                  | Orb.
     0 | D:1      | Reached XP level 1. HP: 11/11 MP: 3/3
   347 | D:1      | Reached XP level 2. HP: 17/17 MP: 3/5
   351 | D:1      | Learned a level 2 spell: Searing Ray
   627 | D:1      | Reached XP level 3. HP: 22/22 MP: 4/6
  1350 | D:2      | Reached skill level 5 in Conjurations
  1381 | D:2      | Reached XP level 4. HP: 24/27 MP: 2/7
  1599 | D:2      | Found an opulent altar of Gozag.
  1788 | D:2      | Noticed Natasha
  1959 | D:2      | Killed Natasha
  1959 | D:2      | Reached XP level 5. HP: 20/32 MP: 5/8
  1968 | D:2      | Noticed Natasha
  1976 | D:2      | Killed Natasha
  2363 | D:2      | Learned a level 4 spell: Force Lance
  2367 | D:2      | Noticed Natasha
  2391 | D:2      | Killed Natasha
  2391 | D:2      | Reached skill level 1 in Fighting
  2439 | D:2      | Noticed Jessica
  2444 | D:2      | HP: 1/33 [rat (1)]
  2445 | D:2      | Succumbed to an adder's poison

Skill      XL: |  1  2  3  4  5 |
---------------+----------------+-----
Stealth        | 3 4 |  4.3
Conjurations   | 5 |  5.4
Fighting       | 1 |  1.0
Short Blades   | |  0.1
Dodging        | |  2.1
Spellcasting   | |  2.7
Translocations | |  0.2

Action                   |  1- 3 |  4- 6 || total
-------------------------+-------+-------++-------
Melee: Unarmed           |    15 |       ||    15
       Constrict         |     6 |     6 ||    12
       Tentacles         |     6 |     2 ||     8
       Dagger            |     2 |    12 ||    14
 Cast: Magic Dart        |    62 |    30 ||    92
       Searing Ray       |       |     6 ||     6
  Use: Potion            |       |     2 ||     2
  Eat: Chunk             |     2 |     4 ||     6
Armor: Skin              |     2 |       ||     2
Dodge: Dodged            |    17 |    19 ||    36
